 Dungeon Crawl Stone Soup version 0.28-a0-8-g6e044cfa68 (webtiles) character file.

Game seed: 693997593786982273

345 Sin92 the Skirmisher (level 6, -1/48 HPs)
             Began as a Demonspawn Fighter on July 23, 2021.
             Slain by Grinder (7 damage)
             ... on level 3 of the Dungeon.
             The game lasted 00:02:17 (2892 turns).

Sin92 the Skirmisher (Demonspawn Fighter)           Turns: 2892, Time: 00:02:18

Health: -1/48      AC:  8    Str: 16    XL:     6   Next: 32%
Magic:  6/6        EV:  7    Int: 10    God:
Gold:   50         SH:  9    Dex: 14    Spells: 5/5 levels left

rFire   . . .      SeeInvis .   a - +0 trident
rCold   . . .      Faith    .   c - +0 kite shield
rNeg    . . .      Spirit   .   b - +0 scale mail
rPois   .          Reflect  .   (no helmet)
rElec   .          Harm     .   (no cloak)
rCorr   +          Rampage  .   g - +0 pair of gloves
Will    .....                   (no boots)
Stlth   ..........              (no amulet)
HPRegen 0.16/turn               m - ring of resist corrosion
MPRegen 0.10/turn               (no ring)

@: no status effects
A: talons 2, powered by pain 1, demonic magic 1
a: no special abilities


You were on level 3 of the Dungeon.
You visited 1 branch of the dungeon, and saw 3 of its levels.

You collected 50 gold pieces.

Inventory:

Hand Weapons
 a - a +0 trident (weapon)
Armour
 b - a +0 scale mail (worn)
 c - a +0 kite shield (worn)
 g - a +0 pair of gloves (worn)
Jewellery
 m - a ring of resist corrosion (left hand)
Scrolls
 e - 2 scrolls of teleportation
Potions
 d - 2 potions of might
 f - a potion of flight
 h - a potion of resistance {unknown}
 j - a potion of haste {unknown}
 k - a potion of lignification {unknown}


   Skills:
 + Level 4.0 Fighting
 * Level 3.8 Polearms
 + Level 3.5 Armour
 + Level 2.0 Dodging
 + Level 3.5 Shields


You had 5 spell levels left.
You didn't know any spells.
Your spell library was empty.

Dungeon Overview and Level Annotations

Branches:
Dungeon (3/15)

Altars:
Uskayaw

Annotations:
D:3 Grinder


Innate Abilities, Weirdness & Mutations

You have razor-sharp toenails.
You sometimes gain a little power by taking damage.
Spells you cast may paralyse adjacent enemies.


Message History

You block the phantom's attack. The phantom completely misses you.
Unknown command.
A phantom is nearby!
Unknown command.
Your scale mail prevents you from hitting the phantom.
You claw the phantom.
You destroy the phantom!
Your Fighting skill increases to level 4!
Your Dodging skill increases to level 2!
No target in view!
Grinder comes into view.
Grinder says, "Tell me all your secrets, or I'll kill you."
You hit Grinder.
Grinder is lightly wounded.
Grinder hits you. x2; You writhe in agony.
You hit Grinder.
Grinder is moderately wounded.
Grinder barely misses you.
You hit Grinder.
Grinder is moderately wounded.
Grinder hits you.
You writhe in agony.
You barely miss Grinder. You claw Grinder.
Grinder is moderately wounded.
Grinder hits you but does no damage.
You barely miss Grinder. You claw Grinder.
Grinder is heavily wounded.
Grinder hits you but does no damage. Grinder completely misses you.
You closely miss Grinder. Your kick misses Grinder.
Grinder is heavily wounded.
Grinder hits you!
You writhe in agony.
You hit Grinder. Your kick misses Grinder.
Grinder is heavily wounded.
Grinder hits you but does no damage.
You completely miss Grinder. You claw Grinder, but do no damage.
Grinder is heavily wounded.
Grinder gestures at you. Pain shoots through your body!
* * * LOW HITPOINT WARNING * * *
Grinder hits you!
You die...

#..# #..<...#.....##
#######.............
#. #P#..########...#
####.##.#..# ....
##....##.#.######..
##.(...####........#
#......# #..#######
#....).####..†......
#......5@.........#.
#..........#####...
##.........###.....
###..###.......#
#.####.###..#... #.#
#..###.##..# #######.#
#...........
#.......###...........
#.####...............)


You could see Grinder.

Vanquished Creatures
  Sigmund (D:3)
  A phantom (D:3)
  An iguana (D:3)
  4 adders (D:2)
  2 worms (D:2)
  A dart slug (D:1)
  7 giant cockroaches
  2 goblins
  3 hobgoblins
  2 jackals (D:2)
  2 quokkas (D:2)
  5 ball pythons
  9 bats
  3 frilled lizards
  6 kobolds
  8 rats (D:1)
57 creatures vanquished.

Notes
Turn   | Place    | Note
-------+----------+-------------------------------------------
     0 | D:1      | Sin92 the Demonspawn Fighter began the quest for the Orb.
     0 | D:1      | Reached XP level 1. HP: 18/18 MP: 1/1
   135 | D:1      | Gained mutation: Spells you cast may paralyse adjacent
                  | enemies. [demonic ancestry]
   135 | D:1      | Reached XP level 2. HP: 18/24 MP: 2/2
   803 | D:1      | Found a faded altar of an unknown god.
   890 | D:2      | Gained mutation: You have sharp toenails. [demonic
                  | ancestry]
   890 | D:2      | Reached XP level 3. HP: 22/29 MP: 3/3
  1490 | D:2      | Reached skill level 1 in Dodging
  1829 | D:2      | Gained mutation: You sometimes gain a little power by
                  | taking damage. [demonic ancestry]
  1829 | D:2      | Reached XP level 4. HP: 33/35 MP: 4/4
  2077 | D:2      | Found a hide-covered altar of Uskayaw.
  2458 | D:3      | Noticed Sigmund
  2479 | D:3      | Killed Sigmund
  2480 | D:3      | Reached XP level 5. HP: 20/42 MP: 5/5
  2700 | D:3      | Gained mutation: You have razor-sharp toenails. [demonic
                  | ancestry]
  2700 | D:3      | Reached XP level 6. HP: 44/48 MP: 6/6
  2743 | D:3      | Reached skill level 4 in Fighting
  2881 | D:3      | Noticed Grinder
  2892 | D:3      | Slain by Grinder

Illustrated notes

Levels and vault maps discovered:
D:1:      dpeg_arrival_ratfight, layout_basic, ebering_ecumenical_altar_box
D:2:      layout_loops_ring, basic_altar
D:3:      layout_rooms, serial_aquarium, aquarium_bridge_long_joined
          [aquarium_subvault_bridge, aquarium_subvault_wall,
          aquarium_subvault_wall, aquarium_subvault_balcony,
          aquarium_subvault_bridge, aquarium_subvault_window],
          aquarium_window_1, aquarium_window_1, aquarium_window_2,
          aquarium_view_2b, aquarium_view_2c, nrook_uturn, nrook_mini_vaults,
          hangedman_feature_mirror, uniq_sigmund, uniq_grinder

Skill      XL: |  1  2  3  4  5  6 |
---------------+-------------------+-----
Polearms       | 2 3 |  3.8
Armour         | 3 |  3.5
Shields        | 3 |  3.5
Dodging        | 1 2 |  2.0
Fighting       | 4 |  4.0

Action                   |  1- 3 |  4- 6 || total
-------------------------+-------+-------++-------
Melee: Trident           |   138 |    65 ||   203
       Kick              |    18 |    20 ||    38
  Use: Scroll            |     2 |     4 ||     6
       Potion            |       |     2 ||     2
Armor: Scale mail        |    53 |    22 ||    75
Dodge: Dodged            |    59 |    18 ||    77
Block: Kite shield       |    66 |    32 ||    98

Table legend: (Time is in decaauts)
 A = Elapsed time spent in this place.
 B = Non-inter-level travel time spent in this place.
 C = Inter-level travel time spent in this place.
 D = Time resting spent in this place.
 E = Time spent auto-exploring this place.
 F = Levels seen in this place.
 G = Mean time per level.
                   A        B        C        D        E       F      G
               +--------+--------+--------+--------+--------+-----+--------+
         Total |   2973 |   2916 |     57 |    137 |   2352 |   3 |  991.0 |
       Dungeon |   2973 |   2916 |     57 |    137 |   2352 |   3 |  991.0 |
               +--------+--------+--------+--------+--------+-----+--------+

Top non-repeatable levels by time:
     D:2: 1490 daAuts
     D:1: 867 daAuts
     D:3: 615 daAuts
